 Dungeon Crawl Stone Soup version 0.30-a0-177-g1cb5dbfd7a (webtiles) character file.

Game seed: 2618717917713020048

1320 LnG the Covert (level 8, -9/45 HPs)
             Began as a Kobold Summoner on Oct 2, 2022.
             Killed from afar by an electric eel (15 damage)
             ... with a bolt of electricity
             ... on level 5 of the Dungeon.
             The game lasted 00:14:29 (4828 turns).

LnG the Covert (Kobold Summoner)                    Turns: 4828, Time: 00:14:33

Health: -9/45      AC:  9    Str:  6    XL:     8   Next: 90%
Magic:  14/14      EV: 16    Int: 18    God:
Gold:   291        SH:  0    Dex: 15    Spells: 7/16 levels left

rFire   + . .      SeeInvis .    c - +0 rapier
rCold   . . .      Faith    .    (no shield)
rNeg    . . .      Spirit   .    a - +0 robe
rPois   .          Reflect  .    t - +2 helmet
rElec   .          Harm     .    k - +0 cloak
rCorr   .          Rampage  .    o - +2 pair of gloves
Will    .....                    (no boots)
Stlth   +++.......               m - amulet of the acrobat
HPRegen 0.27/turn                q - ring of protection from fire
MPRegen 0.14/turn                (no ring)

@: very slow
A: small, no large weapons, nightstalker 3
a: no special abilities


You were on level 5 of the Dungeon.
You visited 1 branch of the dungeon, and saw 5 of its levels.

You collected 291 gold pieces.

Inventory:

Hand Weapons
 c - a +0 rapier (weapon)
Missiles
 r - a throwing net
Armour
 a - a +0 robe (worn)
 k - a +0 cloak (worn)
 o - a +2 pair of gloves (worn)
 t - a +2 helmet (worn)
Jewellery
 m - an amulet of the acrobat (around neck)
 q - a ring of protection from fire (left hand)
Wands
 n - a wand of charming (8)
Scrolls
 e - a scroll of fog
 f - a scroll of summoning
 g - a scroll of immolation
 h - a scroll of poison {unknown}
 i - 2 scrolls of noise {unknown}
 l - a scroll of blinking {unknown}
 s - a scroll of enchant weapon {unknown}
Potions
 b - 4 potions of magic
 d - 2 potions of haste
 j - a potion of resistance {unknown}
 p - a potion of heal wounds {unknown}
 u - a potion of flight {unknown}
 w - a potion of brilliance {unknown}


   Skills:
 + Level 2.6 Fighting
 + Level 5.8 Short Blades
 + Level 4.3 Dodging
 + Level 8.0 Stealth
 + Level 4.5 Spellcasting
 + Level 0.7 Hexes
 + Level 5.8 Summonings
 + Level 0.3 Evocations


You had 7 spell levels left.
You knew the following spells:

 Your Spells              Type           Power      Damage    Failure   Level
a - Summon Small Mammal   Summ           100%       N/A       1%          1
b - Call Imp              Summ           25%        N/A       1%          2
c - Call Canine Familiar  Summ           25%        N/A       3%          3
d - Summon Guardian Gole  Hex/Summ       15%        N/A       11%         3

Your spell library contained the following spells:

 Spells                   Type           Power      Damage    Failure   Level
 Ensorcelled Hibernation  Hex/Ice        10%        N/A       19%         2
 Cigotuvi's Dreadful Rot  Necr/Pois/Air  8%         N/A       22%         2
 Poisonous Vapours        Pois/Air       8%         N/A       22%         2
 Spider Form              Tmut/Pois      4%         N/A       38%         3
 Summon Lightning Spire   Summ/Air       14%        N/A       38%         4
 Anguish                  Hex/Necr       2%         N/A       77%         4


Dungeon Overview and Level Annotations

Branches:
Dungeon (5/15)
 Temple: D:4-7

Altars:
Elyvilon
Sif Muna

Annotations:
D:4 2 transporters
D:5 1 runed translucent door, Crazy Yiuf


Innate Abilities, Weirdness & Mutations

You are small and have problems with some larger weapons.
You are completely attuned to the shadows.


Message History

The electric eel shoots out a bolt of lightning at you!
The bolt of electricity hits your hound!
The bolt of electricity hits you!
Your hound closely misses the electric eel.
Your hound barely misses the electric eel.
Your hound bites the electric eel.
The electric eel shoots out a bolt of lightning at you!
The bolt of electricity hits you!
Your hound misses the electric eel.
You enter the shallow water.
Moving in this stuff is going to be slow.
Your hound bites the electric eel.
The electric eel shoots out a bolt of lightning at you!
The bolt of electricity hits you!
* * * LOW HITPOINT WARNING * * *
Your hound completely misses the electric eel.
You closely miss the electric eel.
The electric eel is heavily wounded.
Your hound misses the electric eel.
Unknown command.
You hit the electric eel but do no damage.
The electric eel is heavily wounded.
Your hound misses the electric eel.
The electric eel shoots out a bolt of lightning at you!
The bolt of electricity hits you.
* * * LOW HITPOINT WARNING * * *
Unknown command.
Aiming: Charm
Press: ? - help, Shift-Dir - straight line, f/p - electric eel
Aim: an electric eel (heavily wounded, ally target, chance to affect: 58%)
The electric eel resists with significant effort.
Your hound completely misses the electric eel.
Your hound misses the electric eel.
Aiming: Charm
Press: ? - help, Shift-Dir - straight line, f/p - electric eel
Aim: an electric eel (heavily wounded, ally target, chance to affect: 58%)
The electric eel resists with significant effort.
Your hound bites the electric eel.
The electric eel shoots out a bolt of lightning at you!
The bolt of electricity hits you!
You die...

...#
#~##...)[≈##†#.'..........
...#
#~#...††.≈≈#.###.).#######
...# #.#....P~.≈#.# #.###
##### ...# #.#'...~~≈≈#~#
#.# #.... ...#
#..#.....≈##~###.# #....
...#
##.##########~##.#####....
##'##
#~~##..P$/≈##~#...†......
....#
##~#...†~h≈≈#~######.....
....# #~#....@S.≈#.#
####....( ....#
#)#'...P$≈≈#.# #........
....#
#..#..P~[≈##'###..(.....
....#
##.########...##........
...[# ### ##.###........
....# #.........### ....##
########### †....##
......#


You could see an electric eel (ally target) and a friendly hound (summoned).

Vanquished Creatures
  3 phantoms (D:5)
  A necrophage (D:5)
  3 electric eels (D:5)
  2 hounds (D:4)
  A jelly (D:4)
  An iguana (D:5)
  2 orc wizards (D:5)
  3 gnolls (D:4)
  5 adders
  2 dart slugs
  4 orcs (D:3)
  8 bats
  5 endoplasms
  3 giant cockroaches (D:1)
  2 goblins
  4 hobgoblins
  A jackal (D:1)
  4 kobolds
  5 quokkas
  5 ball pythons
  2 frilled lizards
  2 rats (D:2)
68 creatures vanquished.

Vanquished Creatures (collateral kills)
  A yak (D:5)
  2 electric eels (D:5)
  2 orc wizards (D:4)
  2 iguanas
  An adder (D:3)
  8 orcs
  3 jackals (D:1)
19 creatures vanquished.

Vanquished Creatures (others)
  2 yaks (D:4)
  3 plants (D:5)
5 creatures vanquished.

Grand Total: 92 creatures vanquished

Notes
Turn   | Place    | Note
-------+----------+-------------------------------------------
     0 | D:1      | LnG the Kobold Summoner began the quest for the Orb.
     0 | D:1      | Reached XP level 1. HP: 10/10 MP: 3/3
    89 | D:1      | Reached XP level 2. HP: 15/15 MP: 5/5
   193 | D:1      | Reached skill level 3 in Stealth
   211 | D:1      | Learned a level 2 spell: Call Imp
   234 | D:1      | Reached skill level 1 in Short Blades
   241 | D:1      | Reached XP level 3. HP: 15/19 MP: 4/6
   245 | D:1      | Learned a level 3 spell: Call Canine Familiar
   744 | D:2      | Found a faded altar of an unknown god.
  1144 | D:2      | You fall into a shaft and drop 2 floors!
  1623 | D:3      | Reached XP level 4. HP: 11/24 MP: 7/7
  1720 | D:3      | Reached skill level 4 in Stealth
  1977 | D:3      | Found a white marble altar of Elyvilon.
  2068 | D:3      | Reached XP level 5. HP: 9/28 MP: 5/8
  2293 | D:4      | Found a shimmering blue altar of Sif Muna.
  2444 | D:4      | Reached skill level 1 in Fighting
  2473 | D:4      | Found a transporter.
  2589 | D:4      | Found a transporter.
  2654 | D:4      | Reached skill level 5 in Stealth
  2654 | D:4      | Reached XP level 6. HP: 30/34 MP: 5/9
  2690 | D:4      | Learned a level 3 spell: Summon Guardian Golem
  3195 | D:5      | Entered Level 5 of the Dungeon
  3236 | D:5      | Reached skill level 6 in Stealth
  3236 | D:5      | Reached XP level 7. HP: 38/38 MP: 11/11
  3540 | D:5      | Noticed a yak
  3541 | D:5      | Noticed a yak
  3563 | D:5      | Killed a yak
  3564 | D:5      | Reached skill level 5 in Summonings
  3657 | D:5      | Noticed a yak
  3689 | D:4      | Killed a yak
  3690 | D:4      | Reached skill level 7 in Stealth
  3690 | D:4      | Reached XP level 8. HP: 39/44 MP: 6/13
  3759 | D:4      | Killed a yak
  3760 | D:4      | Reached skill level 5 in Short Blades
  4205 | D:5      | Found a runed translucent door.
  4208 | D:5      | Noticed Crazy Yiuf
  4484 | D:5      | Reached skill level 8 in Stealth
  4828 | D:5      | Killed from afar by an electric eel

Illustrated notes

Levels and vault maps discovered:
D:1:      lemuel_arrival_broad_hall, layout_basic,
          chequers_serial_rivers_micro_b, chequers_serial_rivers_micro_d,
          minmay_pentomino_s2
D:2:      layout_loops_ring, ebering_ecumenical_altar_petrified
D:3:      layout_basic, lemuel_round_altar
D:4:      gammafunk_steamed_eel, layout_loops_ring, lemuel_blue_sif_altar,
          kennysheep_crisscross
D:5:      cheibrodos_two_vegetables, layout_basic, uniq_crazy_yiuf_cottage

Skill      XL: |  1  2  3  4  5  6  7  8 |
---------------+-------------------------+-----
Stealth        | 3 4 5 6 7 8 |  8.0
Short Blades   | 1 2 3 4 5 |  5.8
Dodging        | 3 4 |  4.3
Fighting       | 1 2 |  2.6
Spellcasting   | 3 4 |  4.5
Summonings     | 5 |  5.8
Hexes          | |  0.7
Evocations     | |  0.3

Action                   |  1- 3 |  4- 6 |  7- 9 || total
-------------------------+-------+-------+-------++-------
Melee: Rapier            |    92 |    81 |    60 ||   233
       Punch             |       |     1 |       ||     1
 Cast: Call Imp          |     1 |       |     4 ||     5
       Call Canine Famil |     1 |     7 |     7 ||    15
       Summon Guardian G |       |       |     3 ||     3
Evoke: Wand              |       |       |     9 ||     9
  Use: Scroll            |     2 |     1 |       ||     3
       Potion            |     1 |       |       ||     1
 Stab: Sleeping          |    18 |    12 |     3 ||    33
       Distracted        |       |     1 |       ||     1
Armor: Robe              |    18 |    19 |    18 ||    55
Dodge: Dodged            |    92 |    79 |    48 ||   219

Table legend: (Time is in decaauts)
 A = Elapsed time spent in this place.
 B = Non-inter-level travel time spent in this place.
 C = Inter-level travel time spent in this place.
 D = Time resting spent in this place.
 E = Time spent auto-exploring this place.
 F = Levels seen in this place.
 G = Mean time per level.
                   A        B        C        D        E       F      G
               +--------+--------+--------+--------+--------+-----+--------+
         Total |   4841 |   4806 |     35 |    931 |   2656 |   5 |  968.2 |
       Dungeon |   4841 |   4806 |     35 |    931 |   2656 |   5 |  968.2 |
               +--------+--------+--------+--------+--------+-----+--------+

Top non-repeatable levels by time:
     D:5: 1501 daAuts
     D:4: 1159 daAuts
     D:3: 757 daAuts
     D:2: 746 daAuts
     D:1: 677 daAuts
